| TOP OF THE 1ST |
|
Jamestown Falcons batting - Pitching for Utica Blue Jays : RHP Rob Dibble
|
|
Pitching: RHP Rob Dibble
|
|
|
Batting: RHB Nelson Rood
|
0-0: Ground out 4-3 (Groundball, 4, EV 95.0 MPH)
|
|
Batting: RHB Dave Myers
|
0-0: Ball 1-0: Called Strike 1-1: Foul Ball, location: 2F 1-2: Fly out, F7 (Flyball, 7, EV 84.4 MPH)
|
|
Batting: LHB Warren Bachmann
|
0-0: Ball 1-0: Ball 2-0: Swinging Strike 2-1: Ball 3-1: Foul Ball, location: 2F 3-2: Base on Balls
|
|
Batting: LHB Jack Howell
|
0-0: Called Strike 0-1: Foul Ball, location: 2F 0-2: Foul Ball, location: 2F 0-2: Ball 1-2: SINGLE (Groundball, 56D, EV 107.5 MPH) Warren Bachmann to second
|
|
Batting: RHB Glen Stacheit
|
0-0: Ball 1-0: Ball 2-0: Ball 3-0: Base on Balls Warren Bachmann to third Jack Howell to second
|
|
Batting: RHB Gregory Devone
|
0-0: Ball 1-0: Ball 2-0: Ball 3-0: Called Strike 3-1: Base on Balls Warren Bachmann scores Jack Howell to third Glen Stacheit to second
|
|
Batting: LHB Darren Riley
|
0-0: Ball 1-0: Ground out U3 (Groundball, 3, EV 83.1 MPH)
|
| Top of the 1st over - 1 run, 1 hit, 0 errors, 3 left on base; Jamestown 1 - Utica 0 |
| BOTTOM OF THE 1ST |
|
Utica Blue Jays batting - Pitching for Jamestown Falcons : LHP Jim Morris
|
|
Pitching: LHP Jim Morris
|
|
|
Batting: RHB Ed Allen
|
0-0: Swinging Strike 0-1: Called Strike 0-2: Ball 1-2: Ball 2-2: Ground out 5-3 (Groundball, 5, EV 101.3 MPH)
|
|
Batting: SHB Delwyn Young
|
0-0: Called Strike 0-1: Foul Ball, location: 2F 0-2: Ball 1-2: Ball 2-2: Fly out, F3 (Popup, 23F, EV 74.4 MPH)
|
|
Batting: RHB Jose Gonzalez
|
0-0: Ball 1-0: Called Strike 1-1: Called Strike 1-2: Fly out, F3 (Popup, 23F, EV 83.1 MPH)
|
| Bottom of the 1st over - 0 runs, 0 hits, 0 errors, 0 left on base; Jamestown 1 - Utica 0 |
| TOP OF THE 2ND |
|
Jamestown Falcons batting - Pitching for Utica Blue Jays : RHP Rob Dibble
|
|
Batting: RHB Herman Cunningham
|
0-0: Ball 1-0: Ball 2-0: Foul Ball, location: 2F 2-1: Foul Ball, location: 2F 2-2: Ball 3-2: Foul Ball, location: 2F 3-2: Base on Balls
|
|
Batting: RHB Joe Oliver
|
0-0: Ball 1-0: Swinging Strike 1-1: Ball 2-1: Called Strike 2-2: Ball 3-2: Foul Ball, location: 2F 3-2: SINGLE (Groundball, 34D, EV 103.8 MPH) Herman Cunningham to second Herman Cunningham to third
|
|
Batting: RHB Nelson Rood
|
0-0: Called Strike 0-1: Reached on error, E4 (Groundball, 4, EV 86.9 MPH) Herman Cunningham scores Joe Oliver to second
|
|
Batting: RHB Dave Myers
|
0-0: Foul Ball, location: 2F 0-1: Ball 1-1: Foul Ball, location: 2F 1-2: Ball 2-2: Fly out, F7 (Flyball, 7D, EV 102.5 MPH)
|
|
Batting: LHB Warren Bachmann
|
0-0: Called Strike 0-1: Ball 1-1: Ball 2-1: Foul Ball, location: 2F 2-2: Ball 3-2: DOUBLE (Flyball, 89XD, EV 107.5 MPH) Joe Oliver scores Nelson Rood to third
|
|
Batting: LHB Jack Howell
|
0-0: SINGLE (Groundball, 4MS, EV 71.3 MPH) (infield hit) Nelson Rood scores Warren Bachmann to third
|
|
Batting: RHB Glen Stacheit
|
0-0: Called Strike 0-1: Grounds into double play, 6-4-3 (Groundball, 6, EV 93.1 MPH)
|
| Top of the 2nd over - 3 runs, 3 hits, 1 error, 1 left on base; Jamestown 4 - Utica 0 |
| BOTTOM OF THE 2ND |
|
Utica Blue Jays batting - Pitching for Jamestown Falcons : LHP Jim Morris
|
|
Batting: RHB Allen Smoot
|
0-0: Called Strike 0-1: Ball 1-1: Ground out 1-3 (Groundball, 13S, EV 64.4 MPH)
|
|
Batting: RHB Ricky Jordan
|
0-0: Foul Ball, location: 2F 0-1: Ball 1-1: Ball 2-1: Foul Ball, location: 2F 2-2: Fly out, F8 (Flyball, 8RD, EV 103.8 MPH)
|
|
Batting: RHB Eddie Santiago
|
0-0: Fly out, F9 (Flyball, 9LM, EV 84.4 MPH)
|
| Bottom of the 2nd over - 0 runs, 0 hits, 0 errors, 0 left on base; Jamestown 4 - Utica 0 |
| TOP OF THE 3RD |
|
Jamestown Falcons batting - Pitching for Utica Blue Jays : RHP Rob Dibble
|
|
Batting: RHB Gregory Devone
|
0-0: DOUBLE (Groundball, 5L, EV 105.0 MPH)
|
|
Batting: LHB Darren Riley
|
0-0: Ball 1-0: Fly out, F8 (Flyball, 8LM, EV 90.0 MPH)
|
|
Batting: RHB Herman Cunningham
|
0-0: Foul Ball, location: 2F 0-1: Ball 1-1: Called Strike 1-2: Ball 2-2: Foul Ball, location: 2F 2-2: Foul Ball, location: 2F 2-2: Strikes out looking
|
|
Batting: RHB Joe Oliver
|
0-0: Fly out, F2 (Popup, 3SF, EV 81.9 MPH)
|
| Top of the 3rd over - 0 runs, 1 hit, 0 errors, 1 left on base; Jamestown 4 - Utica 0 |
| BOTTOM OF THE 3RD |
|
Utica Blue Jays batting - Pitching for Jamestown Falcons : LHP Jim Morris
|
|
Batting: RHB Gustavo Hernandez
|
0-0: Called Strike 0-1: Ball 1-1: Fly out, F9 (Flyball, 9LM, EV 105.0 MPH)
|
|
Batting: SHB Manny Jose
|
0-0: Swinging Strike 0-1: Foul Ball, location: 2F 0-2: Ball 1-2: Ball 2-2: Strikes out swinging
|
|
Batting: RHB Doug Gwosdz
|
0-0: Ball 1-0: Ball 2-0: Fly out, F7 (Flyball, 7S, EV 87.5 MPH)
|
| Bottom of the 3rd over - 0 runs, 0 hits, 0 errors, 0 left on base; Jamestown 4 - Utica 0 |
| TOP OF THE 4TH |
|
Jamestown Falcons batting - Pitching for Utica Blue Jays : RHP Rob Dibble
|
|
Batting: RHB Nelson Rood
|
0-0: Called Strike 0-1: Ball 1-1: Ground out 5-3 (Groundball, 56, EV 103.8 MPH)
|
|
Batting: RHB Dave Myers
|
0-0: Ball 1-0: Foul Ball, location: 2F 1-1: Ball 2-1: Ball 3-1: Base on Balls
|
|
Batting: LHB Warren Bachmann
|
0-0: Swinging Strike 0-1: Fielders Choice at 2nd, 1-6 (Groundball, 34S, EV 63.8 MPH)
|
|
Pitching: RHP Ken Dressier
|
|
|
Batting: LHB Jack Howell
|
0-0: Ball 1-0: Ball 2-0: SINGLE (Groundball, 6MD, EV 102.5 MPH) Warren Bachmann to second Runner from 2nd tries for 3rd, SAFE, throw by CF made to third
|
|
Batting: RHB Glen Stacheit
|
0-0: Ball 1-0: Ball 2-0: Called Strike 2-1: Ball Wild Pitch! Warren Bachmann scores Jack Howell to second 3-1: Swinging Strike 3-2: Fly out, F9 (Flyball, 9D, EV 88.1 MPH)
|
| Top of the 4th over - 1 run, 1 hit, 0 errors, 1 left on base; Jamestown 5 - Utica 0 |
| BOTTOM OF THE 4TH |
|
Utica Blue Jays batting - Pitching for Jamestown Falcons : LHP Jim Morris
|
|
Batting: RHB Ed Allen
|
0-0: Foul Ball, location: 2F 0-1: Called Strike 0-2: Ball 1-2: SINGLE (Groundball, 6MD, EV 101.3 MPH)
|
|
Batting: SHB Delwyn Young
|
0-0: Ball 1-0: Fly out, F4 (Flyball, 3D, EV 95.0 MPH)
|
|
Batting: RHB Jose Gonzalez
|
0-0: Called Strike 0-1: Called Strike 0-2: Ball Ed Allen is caught stealing 2nd base 2-4 1-2: Strikes out swinging
|
| Bottom of the 4th over - 0 runs, 1 hit, 0 errors, 0 left on base; Jamestown 5 - Utica 0 |
| TOP OF THE 5TH |
|
Jamestown Falcons batting - Pitching for Utica Blue Jays : RHP Ken Dressier
|
|
Batting: RHB Gregory Devone
|
0-0: Ball 1-0: Ground out 5-3 (Groundball, 56S, EV 86.3 MPH)
|
|
Batting: LHB Darren Riley
|
0-0: Ball 1-0: Foul Ball, location: 2F 1-1: Ball 2-1: Ball 3-1: Base on Balls
|
|
Batting: RHB Herman Cunningham
|
0-0: Ball 1-0: Ball 2-0: Ball 3-0: Called Strike 3-1: Base on Balls Darren Riley to second
|
|
Batting: RHB Joe Oliver
|
0-0: Called Strike 0-1: Ball 1-1: Called Strike 1-2: Foul Ball, location: 2F 1-2: 3-RUN HOME RUN (Flyball, 89XD, EV 96.3 MPH), Distance : 435 ft
|
|
Batting: RHB Nelson Rood
|
0-0: Swinging Strike 0-1: Swinging Strike 0-2: Strikes out looking
|
|
Batting: RHB Dave Myers
|
0-0: Foul Ball, location: 2F 0-1: Ball 1-1: Swinging Strike 1-2: Foul Ball, location: 2F 1-2: Strikes out swinging
|
| Top of the 5th over - 3 runs, 1 hit, 0 errors, 0 left on base; Jamestown 8 - Utica 0 |
| BOTTOM OF THE 5TH |
|
Utica Blue Jays batting - Pitching for Jamestown Falcons : LHP Jim Morris
|
|
Batting: RHB Allen Smoot
|
0-0: Fly out, F8 (Flyball, 8RD, EV 94.4 MPH)
|
|
Batting: RHB Ricky Jordan
|
0-0: DOUBLE (Line Drive, 89M, EV 108.8 MPH)
|
|
Batting: RHB Eddie Santiago
|
0-0: Fly out, F8 (Flyball, 78XD, EV 100.6 MPH) Runner from 2nd tags up, SAFE at 3rd, no throw by CF
|
|
Batting: RHB Gustavo Hernandez
|
0-0: Ball 1-0: Ball 2-0: Foul Ball, location: 2F 2-1: Fly out, F9 (Flyball, 9, EV 80.0 MPH)
|
| Bottom of the 5th over - 0 runs, 1 hit, 0 errors, 1 left on base; Jamestown 8 - Utica 0 |
| TOP OF THE 6TH |
|
Jamestown Falcons batting - Pitching for Utica Blue Jays : RHP Ken Dressier
|
|
Batting: LHB Warren Bachmann
|
0-0: Ball 1-0: Foul Ball, location: 2F 1-1: Foul Ball, location: 2F 1-2: DOUBLE (Groundball, 3L, EV 95.6 MPH)
|
|
Batting: LHB Jack Howell
|
0-0: Foul Ball, location: 2F 0-1: Ball 1-1: Ball 2-1: DOUBLE (Line Drive, 7LD, EV 104.4 MPH) Warren Bachmann scores
|
|
Batting: RHB Glen Stacheit
|
0-0: Foul Ball, location: 2F 0-1: Foul Ball, location: 2F 0-2: Ball 1-2: Foul Ball, location: 2F 1-2: Fly out, F8 (Flyball, 8RXD, EV 99.4 MPH) Runner from 2nd tags up, SAFE at 3rd, no throw by CF
|
|
Batting: RHB Gregory Devone
|
0-0: Ball 1-0: Ball 2-0: Fly out, F8 (Flyball, 8LM, EV 81.9 MPH)
|
|
Batting: LHB Darren Riley
|
0-0: Foul Ball, location: 2F 0-1: Ball 1-1: Ball 2-1: Ball 3-1: Fly out, F4 (Line Drive, 4, EV 61.3 MPH)
|
| Top of the 6th over - 1 run, 2 hits, 0 errors, 1 left on base; Jamestown 9 - Utica 0 |
| BOTTOM OF THE 6TH |
|
Utica Blue Jays batting - Pitching for Jamestown Falcons : LHP Jim Morris
|
|
Batting: SHB Manny Jose
|
0-0: Ball 1-0: Ball 2-0: Ball 3-0: Called Strike 3-1: SINGLE (Groundball, 25, EV 71.9 MPH) (infield hit)
|
|
Batting: RHB Doug Gwosdz
|
0-0: Foul Ball, location: 2F 0-1: Ball 1-1: Ball 2-1: Fielders Choice at 2nd, U6 (Groundball, 4M, EV 88.1 MPH)
|
|
Batting: RHB Ed Allen
|
0-0: Ball 1-0: Fly out, F9 (Flyball, 9, EV 84.4 MPH)
|
|
Batting: SHB Delwyn Young
|
0-0: SINGLE (Groundball, 34D, EV 94.4 MPH) Doug Gwosdz to second
|
|
Batting: RHB Jose Gonzalez
|
0-0: Swinging Strike 0-1: Swinging Strike 0-2: Foul Ball, location: 2F 0-2: Ball 1-2: Foul Ball, location: 2F 1-2: Strikes out swinging
|
| Bottom of the 6th over - 0 runs, 2 hits, 0 errors, 2 left on base; Jamestown 9 - Utica 0 |
| TOP OF THE 7TH |
|
Jamestown Falcons batting - Pitching for Utica Blue Jays : RHP Ken Dressier
|
|
Pinch Hitting: LHB William Nash
|
0-0: Ball 1-0: Swinging Strike 1-1: Called Strike 1-2: Foul Ball, location: 2F 1-2: Ball 2-2: Strikes out swinging
|
|
Batting: RHB Joe Oliver
|
0-0: Ball 1-0: Ball 2-0: Foul Ball, location: 2F 2-1: Ball 3-1: Foul Ball, location: 2F 3-2: Strikes out swinging, 2-3 out at first.
|
|
Pinch Hitting: RHB David Hibner
|
0-0: Called Strike 0-1: Ground out 5-3 (Groundball, 56S, EV 78.1 MPH)
|
| Top of the 7th over - 0 runs, 0 hits, 0 errors, 0 left on base; Jamestown 9 - Utica 0 |
| BOTTOM OF THE 7TH |
|
Utica Blue Jays batting - Pitching for Jamestown Falcons : LHP Jim Morris
|
|
Now at SS: David Hibner
|
|
|
Now in CF: William Nash
|
|
|
Batting: RHB Allen Smoot
|
0-0: Ball 1-0: Foul Ball, location: 2F 1-1: Called Strike 1-2: Ball 2-2: Strikes out looking
|
|
Pinch Hitting: RHB Vern Guthrie
|
0-0: Ball 1-0: Called Strike 1-1: Fly out, F9 (Flyball, 89S, EV 90.6 MPH)
|
|
Batting: RHB Eddie Santiago
|
0-0: Ball 1-0: Called Strike 1-1: Swinging Strike 1-2: Ball 2-2: Ball 3-2: SINGLE (Line Drive, 4D, EV 107.5 MPH)
|
|
Pitching: RHP Francisco Oliveras
|
|
|
Batting: RHB Gustavo Hernandez
|
0-0: Ball 1-0: Ball 2-0: Foul Ball, location: 2F 2-1: Ball 3-1: Called Strike 3-2: Strikes out looking
|
| Bottom of the 7th over - 0 runs, 1 hit, 0 errors, 1 left on base; Jamestown 9 - Utica 0 |
| TOP OF THE 8TH |
|
Jamestown Falcons batting - Pitching for Utica Blue Jays : RHP Ken Dressier
|
|
Pitching: RHP Dan L Murphy
|
|
|
Now at 1B: William Ereu
|
|
|
Pinch Hitting: LHB Wayne Pizer
|
0-0: Ball 1-0: Ball 2-0: Foul Ball, location: 2F 2-1: Foul Ball, location: 2F 2-2: Ground out U3 (Groundball, 3, EV 83.8 MPH)
|
|
Pinch Hitting: RHB David Wilson
|
0-0: Called Strike 0-1: Swinging Strike 0-2: Strikes out looking
|
|
Pinch Hitting: SHB Kevin Johnson
|
0-0: Swinging Strike 0-1: Swinging Strike 0-2: Strikes out swinging passed ball, reaches first!
|
|
Pinch Hitting: LHB Paul Moore
|
0-0: Called Strike 0-1: Ball 1-1: Fly out, F8 (Flyball, 78D, EV 85.0 MPH)
|
| Top of the 8th over - 0 runs, 0 hits, 0 errors, 1 left on base; Jamestown 9 - Utica 0 |
| BOTTOM OF THE 8TH |
|
Utica Blue Jays batting - Pitching for Jamestown Falcons : RHP Francisco Oliveras
|
|
Now at 1B: Wil Cepeda
|
|
|
Now at 2B: Wayne Pizer
|
|
|
Now at 3B: Nelson Harvey
|
|
|
Now in RF: Omar Malave
|
|
|
Batting: SHB Manny Jose
|
0-0: Called Strike 0-1: SINGLE (Groundball, 6MD, EV 99.4 MPH)
|
|
Batting: RHB Doug Gwosdz
|
0-0: Ball 1-0: Ball 2-0: Called Strike 2-1: Foul Ball, location: 2F 2-2: Ball 3-2: Foul Ball, location: 2F 3-2: Foul Ball, location: 2F 3-2: Foul Ball, location: 2F 3-2: Fly out, F3 (Popup, 3SF, EV 71.9 MPH)
|
|
Pinch Hitting: RHB Kevin Brandt
|
0-0: Ground out 6-3 (Groundball, P, EV 76.3 MPH) Manny Jose to second
|
|
Batting: SHB Delwyn Young
|
0-0: Ball 1-0: Swinging Strike 1-1: Ball 2-1: Swinging Strike 2-2: Ball 3-2: SINGLE (Line Drive, 9LS, EV 96.9 MPH) Manny Jose to third Manny Jose scores
|
|
Pinch Hitting: RHB Rafael Quezada
|
0-0: Called Strike 0-1: Called Strike 0-2: Reached on error, E5 (Groundball, 5S, EV 83.1 MPH) Delwyn Young to second
|
|
Batting: RHB Allen Smoot
|
0-0: Foul Ball, location: 2F 0-1: Ball 1-1: Swinging Strike 1-2: Foul Ball, location: 2F 1-2: Ball 2-2: Foul Ball, location: 2F 2-2: Ball Wild Pitch! Delwyn Young to third Rafael Quezada to second 3-2: Fly out, F9 (Line Drive, 9, EV 97.5 MPH)
|
| Bottom of the 8th over - 1 run, 2 hits, 1 error, 2 left on base; Jamestown 9 - Utica 1 |
| TOP OF THE 9TH |
|
Jamestown Falcons batting - Pitching for Utica Blue Jays : RHP Dan L Murphy
|
|
Now in CF: Tony Walker
|
|
|
Now in RF: Kevin Brandt
|
|
|
Pinch Hitting: RHB Mike Nittoli
|
0-0: Foul Ball, location: 2F 0-1: Ball 1-1: Swinging Strike 1-2: Strikes out looking
|
|
Batting: LHB Darren Riley
|
0-0: SINGLE (Groundball, 6MS, EV 68.8 MPH) (infield hit)
|
|
Batting: LHB William Nash
|
0-0: Ball 1-0: Foul Ball, location: 2F 1-1: Swinging Strike 1-2: Strikes out swinging
|
|
Pinch Hitting: SHB Alfredo Velazquez
|
0-0: Ball 1-0: Ground out 4-3 (Groundball, 4, EV 80.6 MPH)
|
| Top of the 9th over - 0 runs, 1 hit, 0 errors, 1 left on base; Jamestown 9 - Utica 1 |
| BOTTOM OF THE 9TH |
|
Utica Blue Jays batting - Pitching for Jamestown Falcons : RHP Francisco Oliveras
|
|
Now at C: Alfredo Velazquez
|
|
|
Now in LF: James Brown
|
|
|
Pinch Hitting: RHB Dave Bielawski
|
0-0: Foul Ball, location: 2F 0-1: Ball 1-1: Ball 2-1: Called Strike 2-2: Foul Ball, location: 2F 2-2: Ball 3-2: Foul Ball, location: 2F 3-2: SINGLE (Groundball, 4MD, EV 94.4 MPH)
|
|
Batting: RHB Eddie Santiago
|
0-0: SINGLE (Groundball, 6D, EV 104.4 MPH) Dave Bielawski to second
|
|
Pinch Hitting: RHB Steven Espinoza
|
0-0: Called Strike 0-1: Ball 1-1: Ball 2-1: Swinging Strike 2-2: SINGLE (Line Drive, 9S, EV 99.4 MPH) Dave Bielawski to third Eddie Santiago to second
|
|
Pinch Hitting: RHB Carlos Castillo
|
0-0: Foul Ball, location: 2F 0-1: Ball 1-1: Grounds into fielders choice 1-2 (Groundball, 34S, EV 63.1 MPH) Eddie Santiago to third Steven Espinoza to second
|
|
Pinch Hitting: RHB Danny Hernandez
|
0-0: Called Strike 0-1: Called Strike 0-2: Strikes out swinging
|
|
Batting: RHB Kevin Brandt
|
0-0: Foul Ball, location: 2F 0-1: Fly out, F8 (Flyball, 8RD, EV 100.6 MPH)
|
| Bottom of the 9th over - 0 runs, 3 hits, 0 errors, 3 left on base; Jamestown 9 - Utica 1 |
|